 Dungeon Crawl Stone Soup version 0.31.0-1-g2c135a0 (webtiles) character file.

Game seed: 15227142570888472007

42 Spillo the Shooter (level 3, -2/18 HPs)
             Began as a Spriggan Hunter on Mar 27, 2024.
             Killed by divine providence
             ... invoked by an orc priest
              (14 damage)
             ... on level 2 of the Dungeon.
             The game lasted 00:02:23 (1406 turns).

Spillo the Shooter (Spriggan Hunter)                Turns: 1406, Time: 00:02:24

Health: -2/18      AC:  3    Str:  7    XL:     3   Next: 35%
Magic:  4/4        EV: 18    Int: 10    God:
Gold:   53         SH:  0    Dex: 20    Spells: 2/2 levels left

rFire   . . .        a - +0 shortbow
rCold   . . .        (shield currently unavailable)
rNeg    . . .        c - +0 robe
rPois   .            (helmet restricted)
rElec   .            h - +0 cloak
rCorr   .            (gloves unavailable)
SInv    +            (boots unavailable)
Will    +....        (no amulet)
Stlth   ++           d - ring of willpower
HPRegen 0.23/turn    (no ring)
MPRegen 0.09/turn

%: no passive effects
@: very quick
A: very small, no large weapons, unfitting armour, see invisible, speed 3
a: no special abilities


You were on level 2 of the Dungeon.
You visited 1 branch of the dungeon, and saw 2 of its levels.

You collected 53 gold pieces.

Inventory:

Hand Weapons
 a - a +0 shortbow (weapon)
Armour
 c - a +0 robe (worn)
 h - a +0 cloak (worn)
 i - a +0 pair of gloves
Jewellery
 d - a ring of willpower (left hand)
Scrolls
 b - a scroll of butterflies
 f - a scroll of teleportation {unknown}
Potions
 e - 2 potions of haste {unknown}
 g - a potion of brilliance {unknown}


   Skills:
 - Level 1.5 Fighting
 + Level 5.2 Ranged Weapons
 - Level 2.6 Dodging
 - Level 1.5 Stealth


You had 2 spell levels left.
You didn't know any spells.
Your spell library contained the following spells:

 Spells                   Type           Power      Damage    Failure   Level
 Ozocubu's Armour         Ice            0%         N/A       75%         3
 Metabolic Englaciation   Hex/Ice        0%         N/A       100%        5
 Sculpt Simulacrum        Ice/Alch       0%         N/A       100%        6


Dungeon Overview and Level Annotations

Branches:
Dungeon (2/15)

Altars:


Innate Abilities, Weirdness & Mutations

You are very small and have problems with some larger weapons.
You are too small for most types of armour.
You have supernaturally acute eyesight. (SInv)
You cover ground extremely quickly. (Speed+++)


Message History

h - a +0 cloak You start putting on your armour.
You continue putting on your +0 cloak. x4
You finish putting on your +0 cloak.
Key pressed, stopping explore.
Key pressed, stopping explore.
Key pressed, stopping explore.
There is a stone staircase leading down here.
Found a pair of gloves.
Found a maw talisman.
No target in view!
No target in view!
You see here a +0 pair of gloves.
i - a +0 pair of gloves This armour is too big for you!
Key pressed, stopping explore.
Found a stone staircase leading down.
There is a stone staircase leading down here.
You now have 53 gold pieces (gained 6).
You open the door.
There is an open door here.
An orc and an orc wizard come into view.
There are monsters nearby!
You shoot an arrow. The arrow hits the orc wizard.
The orc wizard shouts!
The orc wizard is lightly wounded.
The orc shouts!
You hear a shout!
You shoot an arrow. The arrow hits the orc wizard!
The orc wizard is severely wounded.
You shoot an arrow. The arrow hits the orc wizard.
The orc wizard is almost dead.
An orc priest comes into view. It is wielding a +0 mace of protection.
The orc wizard casts a spell at you. The magic dart hits you.
You shoot an arrow.
The arrow closely misses the orc wizard.
The orc priest shouts!
You hear a shout!
The orc priest calls down the wrath of Beogh upon you.
Beogh smites you!
Ouch! That really hurt!
You die...

#.......# #.......#
#.......# . ###.......#
.o .##..%..... ...
.##........ o.
.##........ # ####o#
.##........ #.##....#
..#........##.##@#
...........#.....#####..
.#.#######.#..#.........
.#.....##.....#.#######.
.#####.....##.#.#
.+.....>#####.#.#
.##.###.#####.#.# .##
#........#'######## ##
########..........#


You could see an orc priest, an orc wizard and an orc.

Vanquished Creatures
  2 dart slugs (D:1)
  3 ball pythons
  A bat (D:1)
  8 endoplasms (D:1)
  A giant cockroach (D:1)
  2 goblins
  5 hobgoblins
  A kobold (D:2)
  3 quokkas
  2 frilled lizards (D:1)
  3 rats
31 creatures vanquished.

Notes
Turn   | Place    | Note
-------+----------+-------------------------------------------
     0 | D:1      | Spillo the Spriggan Hunter began the quest for the Orb.
     0 | D:1      | Reached XP level 1. HP: 10/10 MP: 2/2
   165 | D:1      | Reached XP level 2. HP: 12/14 MP: 3/3
   253 | D:1      | Found a faded altar of an unknown god.
   390 | D:1      | Reached skill level 5 in Ranged Weapons
   419 | D:1      | Reached XP level 3. HP: 18/18 MP: 4/4
  1406 | D:2      | Killed from afar by an orc priest

Illustrated notes

Levels and vault maps discovered:
D:1:      nagdon_arrival_double_spiral, layout_basic,
          chequers_ecumenical_altar_simple, grunt_decor_mini_mirrors
D:2:      layout_basic

Skill      XL: |  1  2 |
---------------+-------+-----
Ranged Weapons | 5 |  5.2
Fighting       | |  1.5
Dodging        | |  2.6
Stealth        | |  1.5

Action                     || total
---------------------------++-------
   Fire: Shortbow          ||    79
 Armour: Robe              ||     4
  Dodge: Dodged            ||    17
